Map: Ascension to Aiur LE

Players

Scarlett

  • Race: Zerg Zerg
  • Spawn Location: 5:00

PtitDrogo - Winner!

  • Race: Protoss Protoss
  • Spawn Location: 11:00

Event: WCS Valencia 2017

VOD

Have the link to the VOD?

Description

Time

  • Played on: July 13, 2017, 1:18 p.m.
  • Length: 8:33

All games in this series

Show
View Real Time Build Order
Export as new Build Order

Scarlett Zerg 

Build Orders: Hatch First 

Get SALT Encoding   

  12  0:00  Drone  
  13  0:12  Overlord  
  13  0:17  Drone  
  14  0:31  Drone x2  
  14  0:35  Drone  
  17  0:51  Hatchery  
  17  0:54  Drone  
  17  0:58  Drone  
  17  1:03  Extractor  
  17  1:12  Spawning Pool  
  17  1:16  Drone  
  17  1:18  Drone  
  18  1:29  Drone  
  19  1:41  Drone  
  20  1:50  Overlord  
  20  2:00  Queen  
  22  2:06  Metabolic Boost  
  22  2:07  Zergling x2  
  23  2:09  Drone  
  23  2:11  Drone  
  23  2:12  Queen  
  27  2:15  Drone  
  28  2:25  Drone x2  
  30  2:40  Evolution Chamber  
  30  2:41  Zergling x4  
  31  2:46  Overlord  
  31  2:58  Hatchery  
  30  3:08  Zergling x2  
  30  3:10  Drone x2  
  32  3:17  Roach Warren  
  32  3:20  Drone x4  
  32  3:24  Overlord  
  34  3:57  Roach x8  
  34  4:02  Overlord  
  50  4:03  Overlord  
  50  4:09  Zergling x6  
  49  4:21  Zergling x4  
  51  4:25  Zergling x8  
  51  4:27  Zergling x4  
  57  4:33  Zergling x6  
  60  4:39  Zergling x6  
  63  4:51  Zergling x2  
  63  4:52  Zergling x4  
  66  4:56  Zergling x4  
  68  5:00  Zergling x2  
  68  5:01  Zergling x4  
  57  5:19  Drone  
  57  5:20  Drone x6  
  53  5:26  Drone x3  
  48  5:31  Drone  
  48  5:32  Drone x4  
  53  5:38  Queen  
  55  5:49  Drone  
  56  5:50  Spore Crawler  
  56  5:51  Spore Crawler  
  56  5:55  Drone x5  
  59  6:03  Drone x3  
  61  6:08  Spore Crawler  
  61  6:10  Overlord  
  60  6:17  Overlord  
  60  6:18  Overlord x2  
  60  6:19  Overlord  
  58  6:33  Overlord  
  58  6:37  Drone x4  
  58  6:38  Drone x6  
  64  6:43  Drone  
  64  6:46  Drone x3  
  67  6:50  Queen x2  
  67  6:54  Extractor x2  
  70  6:56  Drone  
  70  6:57  Evolution Chamber, Drone  
  70  7:01  Baneling Nest  
  70  7:10  Overlord  
  70  7:11  Drone x4  
  70  7:14  Zergling x8  
  78  7:22  Zergling x6  
  77  7:26  Queen  
  77  7:28  Queen  
  76  7:38  Drone x5  
  76  7:42  Drone x3  
  83  7:50  Drone  
  83  7:51  Drone x2  
  86  7:55  Extractor  
  86  7:57  Drone  
  86  7:59  Extractor  
  86  8:01  Zergling x10  
  86  8:02  Hatchery  
  86  8:04  Baneling x6  
  89  8:07  Zergling x2  
  89  8:08  Zergling x4  
Show
View Real Time Build Order
Export as new Build Order

PtitDrogo Protoss - Winner!

Build Orders: 1 Gate Expand, Oracle Opening 

Get SALT Encoding   

  12  0:00  Probe (Chrono Boost)  
  13  0:11  Probe (Chrono Boost)  
  14  0:17  Pylon  
  14  0:22  Probe (Chrono Boost)  
  15  0:36  Probe (Chrono Boost)  
  15  0:38  Gateway  
  16  0:46  Probe (Chrono Boost)  
  16  0:47  Assimilator  
  18  0:57  Probe (Chrono Boost)  
  18  1:07  Probe (Chrono Boost)  
  19  1:20  Nexus  
  19  1:23  Probe (Chrono Boost)  
  20  1:32  Cybernetics Core  
  20  1:36  Probe (Chrono Boost)  
  21  1:41  Assimilator  
  21  1:46  Probe (Chrono Boost)  
  22  1:51  Pylon  
  22  2:00  Probe (Chrono Boost)  
  23  2:11  Probe (Chrono Boost)  
  23  2:13  Adept (Chrono Boost)  
  26  2:22  Probe  
  27  2:24  Stargate  
  27  2:31  Probe  
  27  2:32  Warp Gate  
  27  2:34  Probe  
  29  2:38  Adept (Chrono Boost)  
  29  2:42  Probe  
  32  2:46  Probe  
  33  2:52  Probe  
  34  2:59  Probe  
  34  3:01  Adept (Chrono Boost)  
  34  3:03  Probe  
  38  3:11  Probe  
  39  3:13  Oracle (Chrono Boost)  
  39  3:18  Probe, Gateway  
  42  3:23  Probe  
  42  3:24  Pylon  
  44  3:29  Probe  
  45  3:35  Probe  
  46  3:43  Probe  
  45  3:49  Nexus  
  45  3:50  Probe  
  45  3:52  Pylon  
  46  3:56  Probe  
  46  3:57  Pylon, Oracle (Chrono Boost)  
  49  4:06  Mothership Core  
  49  4:09  Probe  
  49  4:21  Assimilator  
  49  4:22  Probe  
  49  4:23  Assimilator  
  50  4:35  Gateway  
  50  4:37  Pylon, Void Ray (Chrono Boost)  
  54  4:43  Probe  
  54  4:45  Probe  
  56  4:51  Adept x2  
  60  4:54  Probe  
  60  4:57  Probe  
  62  5:04  Probe x2  
  62  5:07  Pylon  
  62  5:09  Probe  
  62  5:14  Stalker, Adept  
  62  5:15  Probe x2  
  56  5:23  Probe  
  56  5:26  Probe x2  
  57  5:33  Twilight Council  
  57  5:35  Forge, Probe  
  58  5:36  Probe  
  59  5:45  Probe  
  60  5:50  Probe  
  60  5:52  Probe  
  60  5:56  Protoss Ground Weapons Level 1  
  62  6:01  Adept x3  
  68  6:05  Charge (Chrono Boost)  
  68  6:06  Probe x2  
  71  6:13  Probe  
  71  6:15  Robotics Facility  
  71  6:18  Probe x2  
  72  6:23  Sentry  
  75  6:33  Probe  
  75  6:36  Probe  
  75  6:37  Probe  
  76  6:45  Probe  
  76  6:46  Probe  
  75  6:49  Probe  
  77  6:54  Gateway  
  77  6:55  Gateway  
  77  6:56  Gateway  
  77  6:57  Probe, Gateway  
  77  6:58  Probe  
  79  7:01  Probe, Gateway  
  79  7:02  Warp Prism (Chrono Boost)  
  82  7:09  Pylon, Probe  
  82  7:10  Probe  
  82  7:13  Pylon  
  84  7:16  Assimilator  
  84  7:21  Assimilator  
  84  7:28  Probe x2  
  86  7:30  Templar Archives  
  86  7:33  Warp Prism (Chrono Boost)  
  88  7:39  Probe  
  88  7:40  Probe  
  88  7:41  Probe  
  88  7:43  Pylon  
  85  7:45  Pylon  
  85  7:53  Zealot x6  
  85  7:54  Zealot  
  85  7:56  Zealot  
  101  8:03  Pylon  
  101  8:04  Pylon  
  101  8:07  Observer (Chrono Boost)  
  102  8:17  Zealot x8  
Tags
 
Add a new tag
Caveats
  • Supply blocks, unpowered buildings, or Contaminate may cause inaccurate times.
  • Supply counts are checked every 10 seconds.